 Dungeon Crawl Stone Soup version 0.29-a0-1065-g47a6bb87d6 (webtiles) character file.

Game seed: 2976935971025275208

433 Spectrina the Magician (level 7, 0/49 HPs)
             Began as a Djinni Venom Mage on Aug 18, 2022.
             Splashed by a jelly's acid (10 damage)
             ... on level 4 of the Dungeon on Aug 19, 2022.
             The game lasted 00:25:32 (2232 turns).

Spectrina the Magician (Djinni Venom Mage)          Turns: 2232, Time: 00:25:32

Health: 0/49       AC:  2    Str: 13    XL:     7   Next: 20%
Gold:   154        EV: 13    Int: 19    God:
                   SH:  0    Dex: 13

rFire   + + .      SeeInvis .   e - +2 whip (drain)
rCold   x . .      Faith    .   (no shield)
rNeg    . . .      Spirit   .   a - +0 robe
rPois   ∞          Reflect  .   (no helmet)
rElec   .          Harm     .   (no cloak)
rCorr   .          Rampage  .   (no gloves)
Will    .....                   (boots unavailable)
Stlth   ++........              (no amulet)
HPRegen 0.16/turn               u - +6 ring of strength
MPRegen 0.00/turn               (no ring)

@: on blink cooldown, flying
A: sickness immunity, fire resistance 2, cold vulnerability 1, float, innate
caster, HP casting, extra vitality 1
a: no special abilities


You were on level 4 of the Dungeon.
You visited 1 branch of the dungeon, and saw 6 of its levels.
You also visited: Sewer.

You collected 174 gold pieces.
You spent 20 gold pieces at shops.

Inventory:

Hand Weapons
 e - a +2 whip of draining (weapon)
 o - a +0 vampiric dagger
Armour
 a - a +0 robe (worn)
Jewellery
 u - a +6 ring of strength (left hand)
Scrolls
 b - 2 scrolls of amnesia {unknown}
 c - 2 scrolls of fog {unknown}
 f - 2 scrolls of noise
 g - 2 scrolls of blinking
 m - a scroll of poison
 n - a scroll of vulnerability
 p - a scroll of enchant armour
 r - 3 scrolls of silence
 s - a scroll of teleportation
Potions
 d - a potion of haste {unknown}
 h - a potion of invisibility {unknown}
 i - 2 potions of curing
 j - a potion of ambrosia
 k - a potion of heal wounds {unknown}
 l - a potion of mutation {unknown}
 q - a potion of might {unknown}
 t - a potion of brilliance {unknown}


   Skills:
 + Level 2.4 Fighting
 + Level 3.7 Dodging
 + Level 2.9 Stealth
 * Level 4.0 Spellcasting
 + Level 2.3 Invocations


You couldn't memorise any spells.
You knew the following spells:

 Your Spells              Type           Power      Damage    Failure   Level
a - Magic Dart            Conj           76%        1d6       2%          1
b - Blink                 Tloc           38%        N/A       4%          2
l - Mephitic Cloud        Conj/Pois/Air  19%        N/A       8%          3
m - Lesser Beckoning      Tloc           19%        N/A       8%          3
q - Poisonous Vapours     Pois/Air       38%        N/A       4%          2
s - Sting                 Tmut/Pois      76%        1d6       2%          1
w - Olgreb's Toxic Radia  Pois           19%        N/A       26%         4
Your spell library was empty.

Dungeon Overview and Level Annotations

Branches:
Dungeon (6/15)              Sewer (visited)
 Temple: D:4-7

Altars:
Ashenzari
Gozag
Nemelex Xobeh
Qazlal
Ru

Shops:
D:1 *

Annotations:
D:6 Edmund, Prince Ribbit, Sigmund


Innate Abilities, Weirdness & Mutations

You are immune to sickness and miasma.
You are immune to poison.
Your flesh is very heat resistant. (rF++)
You are vulnerable to cold. (rC-)
You float through the air rather than walking.
You learn spells naturally, not from books.
Your magical power is your life essence.
You have superior vitality. (+4 MHP)


Message History

* * * LOW HITPOINT WARNING * * *
Unknown command.
Casting: Magic Dart (safe; 2% risk of failure)
Confirm with . or Enter, or press ? or * to list all spells.
Aiming: Magic Dart (safe; 2% risk of failure)
Press: ? - help, Shift-Dir - straight line, f/p - scorpion
Aim: a scorpion (severely wounded, lightly drained, 100% to hit)
The magic dart hits the scorpion but does no damage.
The scorpion is severely wounded.
* * * LOW HITPOINT WARNING * * *
The scorpion stings you.
* * * LOW HITPOINT WARNING * * *
Unknown command.
You hit the scorpion but do no damage. You drain the scorpion.
The scorpion is almost dead.
The scorpion stings you.
* * * LOW HITPOINT WARNING * * *
Unknown command.
Casting: Magic Dart (safe; 2% risk of failure)
Confirm with . or Enter, or press ? or * to list all spells.
Aiming: Magic Dart (safe; 2% risk of failure)
Press: ? - help, Shift-Dir - straight line, f - jelly, p - scorpion
Aim: a jelly (heavily wounded, 100% to hit)
The magic dart hits the scorpion.
You kill the scorpion!
* * * LOW HITPOINT WARNING * * *
Your Spellcasting skill increases to level 4!
Casting: Magic Dart (safe; 2% risk of failure)
Confirm with . or Enter, or press ? or * to list all spells.
You blink.
* * * LOW HITPOINT WARNING * * *
The jelly closely misses you.
Unknown command.
You feel better. The jelly closely misses you.
Unknown command.
The jelly attacks as you move away! The jelly misses you.
The jelly attacks as you move away! The jelly hits you.
* * * LOW HITPOINT WARNING * * *
You are splashed with acid!
You die...

##..####......................
.##........>..# #............
..##.###......# #.........[..
...#.# #......# #)...<..)....
..†#.# #......# #............
.⌠.'.# #......# #..........(.
...#.# #......####............
...#.# #....(.##.'............
..##.# #......##@#............
.##..# ######.##J#............
##...# #.##.#############
.....# #.##.# .....# #....#
.....# ###### ....[# ######


You could see a jelly.

Vanquished Creatures
  A black bear (D:6)
  A scorpion (D:4)
  2 orc wizards (D:3)
  2 gnolls (D:3)
  7 adders
  2 river rats (Sewer)
  6 worms
  6 dart slugs
  4 orcs
  An endoplasm (D:1)
  5 giant cockroaches
  10 goblins
  8 hobgoblins
  7 jackals
  7 kobolds
  7 quokkas
  8 ball pythons
  2 bats (D:1)
  7 frilled lizards
  15 rats
108 creatures vanquished.

Vanquished Creatures (others)
  A fungus (D:3)
1 creature vanquished.

Grand Total: 109 creatures vanquished

Notes
Turn   | Place    | Note
-------+----------+-------------------------------------------
     0 | D:1      | Spectrina the Djinni Venom Mage began the quest for the
                  | Orb.
     0 | D:1      | Spectrina set off with the following spells memorised:
                  | Sting, Poisonous Vapours, Mephitic Cloud, Olgreb's Toxic
                  | Radiance.
     0 | D:1      | Reached XP level 1. HP: 15/15 MP: 0/0
   115 | D:1      | Reached XP level 2. HP: 16/21 MP: 0/0
   184 | D:1      | Found Gyellodwi's Assorted Antiques.
   200 | D:1      | Bought a silvery potion for 20 gold pieces
   211 | D:2      | Reached XP level 3. HP: 12/26 MP: 0/0
   211 | D:2      | Learned a level 1 spell: Magic Dart
   213 | D:2      | Found a broken altar of Ashenzari.
   282 | D:3      | Found a glowing drain.
   286 | Sewer    | Entered a sewer
   302 | Sewer    | Reached skill level 1 in Fighting
   415 | Sewer    | Reached skill level 1 in Invocations
   415 | Sewer    | Reached XP level 4. HP: 14/32 MP: 0/0
   448 | Sewer    | Reached skill level 3 in Spellcasting
   674 | D:3      | Reached XP level 5. HP: 11/37 MP: 0/0
   674 | D:3      | Learned a level 2 spell: Blink
   699 | D:3      | Found a sacrificial altar of Ru.
  1766 | D:3      | Reached XP level 6. HP: 36/43 MP: 0/0
  1796 | D:3      | Found a stormy altar of Qazlal.
  1917 | D:3      | You are sucked into a shaft and drop 3 floors!
  1920 | D:6      | Noticed a two-headed ogre
  1924 | D:6      | Noticed Edmund
  1932 | D:6      | Noticed Sigmund
  2062 | D:5      | Entered Level 5 of the Dungeon
  2062 | D:5      | Noticed a black bear
  2062 | D:5      | Noticed an ogre
  2098 | D:6      | Killed a black bear
  2099 | D:6      | Reached XP level 7. HP: 2/49 MP: 0/0
  2099 | D:6      | Learned a level 3 spell: Lesser Beckoning
  2120 | D:6      | Noticed Prince Ribbit
  2156 | D:4      | Found an opulent altar of Gozag.
  2157 | D:4      | Found a sparkling altar of Nemelex Xobeh.
  2228 | D:4      | Reached skill level 4 in Spellcasting
  2232 | D:4      | Splashed by a jelly's acid

Illustrated notes

Levels and vault maps discovered:
D:1:      heliophobic_arrival_glass_houses, layout_basic, serial_shops,
          nicolae_shop_statue_plus, minmay_split_cup_large
D:2:      minmay_chambers_of_twos, layout_basic, basic_altar
D:3:      layout_loops_cross, mainiacjoe_overflow_six_doors_small,
          mainiacjoe_overflow_chevrons, lemuel_doored_altar,
          gup_sewer_entry_bowl, shapermc_ecumenical_altar_acropolis,
          kennysheep_big_empty_room, nicolae_wormholes
D:4:      layout_basic, grunt_temple_overflow_opulence, zin_angel,
          minmay_temple_entry_overgrown, uniq_natasha, uniq_ijyb, uniq_eustachio
D:5:      layout_rooms, okawaru_altar_gauntlet_db,
          nicolae_tso_swordbearing_angel, enter_ossuary_1, lightli_minifort
D:6:      layout_rooms, nzn_hepliaklqana_mist_gate, gammafunk_ghost_arena,
          uniq_sigmund, uniq_grinder, uniq_edmund, uniq_prince_ribbit1

Skill      XL: |  1  2  3  4  5  6  7 |
---------------+----------------------+-----
Fighting       | 1 2 |  2.4
Stealth        | 2 |  2.9
Invocations    | 1 2 |  2.3
Spellcasting   | 3 4 |  4.0
Dodging        | 3 |  3.7

Action                   |  1- 3 |  4- 6 |  7- 9 || total
-------------------------+-------+-------+-------++-------
Melee: Whip              |    29 |    57 |     4 ||    90
       Punch             |     1 |       |       ||     1
Throw: Dart              |    19 |    37 |       ||    56
 Cast: Sting             |    24 |    44 |       ||    68
       Magic Dart        |     7 |    66 |    11 ||    84
       Poisonous Vapours |       |     7 |       ||     7
       Mephitic Cloud    |       |     2 |       ||     2
       Olgreb's Toxic Ra |       |     1 |       ||     1
       Blink             |       |       |     1 ||     1
  Use: Potion            |       |     1 |     2 ||     3
       Scroll            |       |       |     9 ||     9
 Stab: Sleeping          |       |     2 |       ||     2
Armor: Robe              |     3 |     8 |       ||    11
Dodge: Dodged            |    10 |    35 |    12 ||    57

Table legend: (Time is in decaauts)
 A = Elapsed time spent in this place.
 B = Non-inter-level travel time spent in this place.
 C = Inter-level travel time spent in this place.
 D = Time resting spent in this place.
 E = Time spent auto-exploring this place.
 F = Levels seen in this place.
 G = Mean time per level.
                   A        B        C        D        E       F      G
               +--------+--------+--------+--------+--------+-----+--------+
         Total |   2239 |   2154 |     85 |      0 |      0 |   7 |  319.9 |
       Dungeon |   1888 |   1803 |     85 |      0 |      0 |   6 |  314.7 |
         Sewer |    350 |    350 |      0 |      0 |      0 |   1 |  350.0 |
               +--------+--------+--------+--------+--------+-----+--------+

Top non-repeatable levels by time:
     D:2: 588 daAuts
     D:1: 567 daAuts
     D:3: 411 daAuts
   Sewer: 350 daAuts
     D:6: 207 daAuts
     D:4: 93 daAuts
     D:5: 21 daAuts
